 Dungeon Crawl Stone Soup version 0.18-a0-1426-g3b9a63c (webtiles) character file.

178 GrosslyIncandescent the Insei (level 5, -4/42 HPs)
             Began as a Mummy Monk on Feb 27, 2016.
             Slain by a sky beast (6 damage)
             ... on level 4 of the Dungeon.
             The game lasted 00:06:10 (4833 turns).

GrosslyIncandescent the Insei (Mummy Monk)          Turns: 4833, Time: 00:06:10

Health: -4/42      AC:  0    Str: 14    XL:     5   Next: 32%
Magic:  5/5        EV: 13    Int:  9    God:
Gold:   193        SH:  0    Dex: 16    Spells: 0 memorised, 4 levels left

rFire  x . .     SeeInvis .       - Unarmed
rCold  + . .     Gourm    .     (no armour)
rNeg   + + +     Faith    .     (no shield)
rPois  ∞         Spirit   .     (no helmet)
rElec  .         Dismiss  .     (no cloak)
rCorr  .         Reflect  .     (no gloves)
SustAt .         Harm     .     (no boots)
MR     .....                    (no amulet)
Stlth  ++........               (no ring)
                                (no ring)

@: not resistant to hostile enchantments, unstealthy
A: no food or potions, fire vulnerability, cold resistance 1, negative energy
resistance 3, torment resistance, unbreathing
a: no special abilities


You were on level 4 of the Dungeon.
You were not hungry.

You visited 1 branch of the dungeon, and saw 5 of its levels.

You collected 193 gold pieces.


Innate Abilities, Weirdness & Mutations

You do not eat or drink.
Your flesh is vulnerable to fire.
You are immune to poison.
Your flesh is cold resistant.
You are immune to negative energy.
You are immune to unholy pain and torment.
You can survive without breathing.


   Skills:
 + Level 4.1 Fighting
 - Level 2.4 Dodging
 - Level 1.5 Stealth
 - Level 5.0 Unarmed Combat


You had 4 spell levels left.
You didn't know any spells.

Inventory:

Armour
 a - a +1 leather armour of fire resistance {Ijib's skin}
Scrolls
 b - a scroll of amnesia {unknown}
 c - 2 scrolls of enchant armour {unknown}
 d - 2 scrolls of blinking {unknown}
 e - a scroll of fear {unknown}
 f - 2 scrolls of identify {unknown}

Dungeon Overview and Level Annotations

Branches:
Dungeon (5/15)
 Temple: D:4-7

Altars:
Yredelemnul

Annotations:
D:3 !Xp pinatas, exclusions: hobgoblin, orc and orc priest, Natasha; chei's ghost, amateur NaFi
D:4 exclusion: gnoll
D:5 exclusion: sky beast, Edmund

..▒+▒ ▒. ▒▒▒ ▒.o..
▒▒▒▒▒ ▒. ▒.▒ ▒...?
....▒▒▒. ▒M▒ ▒..o.
▒....▒▒.▒▒)▒▒.▒▒▒ ▒....
▒....▒▒.▒.........
▒.£..
▒>...▒▒.▒.▒▒▒..▒▒▒
▒....▒▒o...▒▒.▒.▒▒▒.▒▒▒
▒.........▒▒▒..........
▒▒▒.......▒ ▒£...▒▒....
▒▒▒.▒▒▒.▒▒▒(...▒ ▒▒
▒.........▒....▒


There were no monsters in sight!


Message History

The adder is almost dead!
The adder bites you! * * * don't die
* * * You squash the adder like an ant!!!
You annihilate the adder!!!
You closely miss the orc! The orc closely misses you!
You barely miss the orc!
The orc hits you with a flail!!! * * * don't die
* * * You barely miss the orc!
You beat the orc but do no damage!
The orc hits you with a flail!!! * * * don't die
* * * You squash the orc like an ant!
The orc is heavily wounded!
The orc misses you!
You closely miss the orc!
The orc is heavily wounded!
A sky beast appears from thin air!!!
Reactivating autopickup!
The orc closely misses you!
You squash the orc like an ant!
The orc is almost dead!
The sky beast flickers out of sight!!!
Deactivating autopickup; reactivate with Ctrl-A!
You beat the orc into a bloody pulp!!!
You annihilate the orc!!!
You pummel something like a punching bag!
Something hits you! * * * don't die
* * * Something shocks you! rip

Action                   |  1- 3 |  4- 6 || total
-------------------------+-------+-------++-------
Melee: Unarmed           |   128 |   208 ||   336
 Stab: Sleeping          |       |     4 ||     4

Vault maps used:
D:1:      kb_arrival_jail
D:3:      lemuel_zombie_altar_yredelemnul, uniq_natasha, uniq_iyjb
D:4:      nicolae_dithmenos_the_darkroom, nicolae_elemental_shop
D:5:      kennysheep_mini_moat, lemuel_doored_altar, first_bread,
          kennysheep_boxes, uniq_edmund, uniq_grinder

Notes
Turn   | Place    | Note
--------------------------------------------------------------
     0 | D:1      | GrosslyIncandescent the Mummy Monk began the quest for the Orb.
     0 | D:1      | Reached XP level 1. HP: 18/18 MP: 1/1
     8 | D:1      | Noticed a merfolk
    10 | D:1      | Noticed a demigod
    10 | D:1      | Noticed a draconian
    14 | D:1      | Noticed a tengu
    14 | D:1      | Noticed an ogre
    16 | D:1      | Noticed a halfling
    16 | D:1      | Noticed a human
    18 | D:1      | Noticed a gargoyle
    18 | D:1      | Noticed a troll
    20 | D:1      | Noticed a vampire
    22 | D:1      | Noticed a felid
    22 | D:1      | Noticed an elf
    24 | D:1      | Noticed a centaur
    24 | D:1      | Noticed a naga
    26 | D:1      | Noticed a spriggan
    26 | D:1      | Noticed a minotaur
    28 | D:1      | Noticed a vine stalker
    28 | D:1      | Noticed an octopode
    30 | D:1      | Noticed a demonspawn
    30 | D:1      | Noticed a formicid
    32 | D:1      | Noticed a dwarf
    32 | D:1      | Noticed a ghoul
   385 | D:1      | Reached XP level 2. HP: 14/24 MP: 2/2
   982 | D:2      | Reached skill level 4 in Unarmed Combat
  1172 | D:2      | Reached XP level 3. HP: 22/29 MP: 3/3
  1366 | D:2      | HP: 2/29 [adder (2)]
  2055 | D:2      | Reached XP level 4. HP: 22/35 MP: 4/4
  2436 | D:2      | HP: 3/35 [kobold/short sword (4)]
  2994 | D:3      | Reached skill level 5 in Unarmed Combat
  3098 | D:3      | Noticed chei's ghost (amateur NaFi)
  3500 | D:3      | Noticed Ijyb
  3530 | D:2      | Killed Ijyb
  4080 | D:3      | Reached XP level 5. HP: 41/41 MP: 5/5
  4232 | D:3      | Found a basalt altar of Yredelemnul.
  4549 | D:3      | Noticed Natasha
  4577 | D:2      | Reached skill level 4 in Fighting
  4798 | D:5      | Entered Level 5 of the Dungeon
  4798 | D:5      | Noticed Edmund
  4798 | D:5      | Noticed a sky beast
  4828 | D:4      | HP: 2/42 [orc/flail (9)]
  4833 | D:4      | HP: 2/42 [something (1)]
  4833 | D:4      | Slain by a sky beast

Vanquished Creatures
  Ijyb (D:2)
  8 adders
  An ooze (D:1)
  A worm (D:3)
  A dart slug (D:3)
  2 giant geckos (D:2)
  6 orcs
  5 giant cockroaches
  2 gnoll zombies (D:3)
  10 goblins
  4 hobgoblins
  10 kobolds
  A ball python (D:2)
  10 bats
  A giant newt (D:3)
  4 rats
67 creatures vanquished.
